 Dungeon Crawl Stone Soup version 0.28.0-45-g0d030f2227 (webtiles) character file.

Game seed: 8906259079682004515

50 zeratav the Insei (level 3, -6/23 HPs)
             Began as an Octopode Transmuter on Apr 7, 2022.
             Mangled by a gnoll
             ... wielding a +0 flail
              (9 damage)
             ... on level 2 of the Dungeon.
             The game lasted 00:02:08 (1655 turns).

zeratav the Insei (Octopode Transmuter)             Turns: 1655, Time: 00:02:08

Health: -6/23      AC:  1    Str:  9    XL:     3   Next: 79%
Magic:  6/6        EV: 13    Int: 15    God:
Gold:   28         SH:  0    Dex: 14    Spells: 5/6 levels left

rFire   . . .      SeeInvis .   c - +1 short sword (speed) {short}
rCold   . . .      Faith    .   (no shield)
rNeg    . . .      Spirit   .   (helmet restricted)
rPois   .          Reflect  .   (no amulet)
rElec   .          Harm     .   (no ring)
rCorr   .          Rampage  .   (no ring)
Will    .....                   (no ring)
Stlth   +++.......              (no ring)
HPRegen 0.07/turn               (no ring)
MPRegen 0.10/turn               (no ring)
                                (no ring)
                                (no ring)

@: no status effects
A: almost no armour, amphibious, 8 rings, camouflage 1, gelatinous body 1,
(nimble swimmer 1), tentacles
a: no special abilities


You were on level 2 of the Dungeon.
You visited 1 branch of the dungeon, and saw 2 of its levels.

You collected 28 gold pieces.


Innate Abilities, Weirdness & Mutations

You cannot wear most types of armour.
You are amphibious.
You can wear up to eight rings at the same time.
Your skin changes colour to match your surroundings (Stealth+).
Your rubbery body absorbs attacks. (AC +1, EV +1)
((You are camouflaged when in or above water. (Stealth+)))
You have tentacles for arms and can constrict up to eight enemies at once.


   Skills:
 + Level 1.5 Fighting
 + Level 2.4 Dodging
 + Level 1.9 Stealth
 * Level 3.6 Unarmed Combat
 - Level 2.0 Spellcasting
 + Level 2.2 Transmutations


You had 5 spell levels left.
You knew the following spells:

 Your Spells              Type           Power      Damage    Failure   Level
a - Beastly Appendage     Tmut           16%        N/A       9%          1

Your spell library contained the following spells:

 Spells                   Type           Power      Damage    Failure   Level
 Wereblood                Tmut           8%         N/A       13%         2
 Spider Form              Tmut/Pois      4%         N/A       38%         3
 Ice Form                 Ice/Tmut       4%         N/A       80%         4

Inventory:

Hand Weapons
 c - a +1 short sword of speed (weapon) {short}
   (You took it off a kobold on level 1 of the Dungeon)
Scrolls
 a - a scroll of immolation {unknown}
 b - a scroll of teleportation {unknown}
 d - a scroll of identify {unknown}

Dungeon Overview and Level Annotations

Branches:
Dungeon (2/15)

Altars:

.....###.<......#.####
.... #......(.......
.....###.....####..###
............# ##.##
...........># ##..##
..#####.....# #..... ###
#..g..# #.....
.....######.....####.....
........@gg..............
...########..............
#.########..... ###
#..... #..... #.....
#..... ######


You could see 3 gnolls.


Message History

Nothing appears to happen.
The ball python hisses angrily.
MP[-1]
You lost 1 mp, and now have 5/6 mp.
One of your tentacles grows a vicious spike.
MP[-1]
You lost 1 mp, and now have 4/6 mp.
Your transformation is almost over.
The ball python barely misses you. The ball python misses you.
The ball python hisses angrily.
You hit the ball python.
You kill the ball python!
You hit the ball python. You grab the ball python.
You pierce the ball python.
You kill the ball python!
No target in view!
No target in view!
No target in view!
No target in view!
No target in view!
No target in view!
No target in view!
Your magical contamination has completely faded away.
Your tentacle spike disappears.
d - a scroll labelled QAPTYA XUCZITHRY HP[+8] MP[+2]
Your hp is fully restored (23).
Your mp is fully restored (6).
An adder comes into view.
One of your tentacles grows a vicious spike.
MP[-1]
You lost 1 mp, and now have 5/6 mp.
The helpless adder fails to defend itself.
You hit the adder. Your grab misses the adder. The adder closely misses you.
You miss the adder. Your grab misses the adder.
The adder completely misses you.
You barely miss the adder. Your grab misses the adder.
Your tentacle spike misses the adder.
The adder bites you.
HP[-1]
You take 1 damage, and now have 22/23 hp.
You miss the adder. You grab the adder.
You pierce the adder.
You squeeze the adder, but do no damage.
You constrict the adder. The adder completely misses you.
You barely miss the adder. You constrict the adder.
You kill the adder!
Your transformation is almost over.
Found a stone staircase leading down.
HP[+1] MP[+1]
Your hp is fully restored (23).
Your mp is fully restored (6).
Your tentacle spike disappears.
A giant cockroach comes into view.
A giant cockroach is nearby!
One of your tentacles grows a vicious spike.
MP[-1]
You lost 1 mp, and now have 5/6 mp.
Your transformation is almost over.
The helpless giant cockroach fails to defend itself.
You hit the giant cockroach but do no damage.
You grab the giant cockroach. You constrict the giant cockroach.
You hit the giant cockroach but do no damage.
You constrict the giant cockroach. The giant cockroach closely misses you.
You hit the giant cockroach.
You kill the giant cockroach!
No target in view!
No target in view!
No target in view!
No target in view!
No target in view!
No target in view!
No target in view!
No target in view!
No target in view!
Your tentacle spike disappears.
A gnoll comes into view. It is wielding a +0 spear.
MP[+1]
Your mp is fully restored (6).
A gnoll is nearby!
One of your tentacles grows a vicious spike.
MP[-1]
You lost 1 mp, and now have 5/6 mp. 2 gnolls come into view.
The gnoll shouts! x2; You hear a shout!
The gnoll shouts!
Your transformation is almost over.
MP[+1]
Your mp is fully restored (6).
Your tentacle spike disappears.
The gnoll hits you with a +0 flail!
HP[-8]
You take 8 damage, and now have 15/23 hp.
MASSIVE DAMAGE!! (PAUSE)
The gnoll shouts!
You hit the gnoll. Your grab misses the gnoll.
The gnoll hits you from afar with a +0 halberd!
Ouch! That really hurt!
* * * LOW HITPOINT WARNING * * *
HP[-12]
You take 12 damage, and now have 3/23 hp.
MASSIVE DAMAGE!! (PAUSE)
You barely miss the gnoll. You grab the gnoll.
You constrict the gnoll, but do no damage.
The gnoll hits you with a +0 flail!
You die...

Skill      XL: |  1  2 |
---------------+-------+-----
Stealth        | 1 |  1.9
Fighting       | |  1.5
Dodging        | |  2.4
Unarmed Combat | |  3.6
Spellcasting   | |  2.0
Transmutations | |  2.2

Action                   || total
-------------------------++-------
Melee: Unarmed           ||    42
       Constrict         ||    23
       Tentacles         ||    14
       Kick              ||    14
       Punch             ||     4
       Short sword       ||    34
 Cast: Beastly Appendage ||    25
 Stab: Sleeping          ||     7
Armor: Skin              ||     7
Dodge: Dodged            ||    33

Levels and vault maps discovered:
D:1:      roderic_chinese_lattice_arrival, layout_loops_corners,
          hellmonk_ecumenical_altar_arch_garden
D:2:      layout_rooms, basic_altar

Notes
Turn   | Place    | Note
-------+----------+-------------------------------------------
     0 | D:1      | zeratav the Octopode Transmuter began the quest for the
                  | Orb.
     0 | D:1      | Reached XP level 1. HP: 13/13 MP: 3/3
     0 | D:1      | magus.rc [v1.9.6]
   471 | D:1      | Identified a +0 robe of the Archmagi
   499 | D:1      | Reached XP level 2. HP: 18/18 MP: 5/5
   618 | D:1      | Found a faded altar of an unknown god.
   636 | D:1      | Reached skill level 1 in Stealth
   867 | D:1      | Reached XP level 3. HP: 23/23 MP: 4/6
  1654 | D:2      | HP: 3/23 [gnoll/+0 halberd (12)]
  1655 | D:2      | Mangled by a gnoll

Vanquished Creatures
  An adder (D:2)
  2 dart slugs (D:1)
  5 endoplasms
  3 giant cockroaches
  A goblin (D:1)
  3 hobgoblins (D:1)
  2 kobolds (D:1)
  3 quokkas
  5 ball pythons
  6 bats (D:1)
  2 frilled lizards (D:1)
  3 rats (D:1)
36 creatures vanquished.

Table legend:
 A = Non-vault XP
 B = Vault XP
 C = Vault XP percentage of total XP
 D = Non-vault monster count
 E = Vault monster count
 F = Vault count percentage of total count
                 A         B        C        D         E       F
            +---------+---------+-------+---------+---------+-------
      Total |      72 |       0 |   0.0 |      36 |       0 |   0.0
            +---------+---------+-------+---------+---------+-------
        D:1 |      48 |       0 |   0.0 |      29 |       0 |   0.0
        D:2 |      24 |       0 |   0.0 |       7 |       0 |   0.0
            +---------+---------+-------+---------+---------+-------

Illustrated notes

Table legend:
 A = Kills in this place as a percentage of kills in entire the game.
 B = Kills by you in this place as a percentage of kills by you in the entire game.
 C = Kills by friends in this place as a percentage of kills by friends in the entire game.
 D = Other kills in this place as a percentage of other kills in the entire game.
 E = Experience gained in this place as a percentage of experience gained in the entire game.
 F = Experience gained in this place divided by the number of levels of this place that you have seen.
                   A       B       C       D       E      F
               +-------+-------+-------+-------+-------+----------------------
         Total | 100.0 | 100.0 |   N/A |   N/A | 100.0 |  36.0
       Dungeon | 100.0 | 100.0 |   N/A |   N/A | 100.0 |  36.0
               +-------+-------+-------+-------+-------+----------------------

Table legend: (Time is in decaauts)
 A = Elapsed time spent in this place.
 B = Non-inter-level travel time spent in this place.
 C = Inter-level travel time spent in this place.
 D = Time resting spent in this place.
 E = Time spent auto-exploring this place.
 F = Levels seen in this place.
 G = Mean time per level.
                   A        B        C        D        E       F      G
               +--------+--------+--------+--------+--------+-----+--------+
         Total |   1643 |   1613 |     30 |      0 |   1379 |   2 |  821.5 |
       Dungeon |   1643 |   1613 |     30 |      0 |   1379 |   2 |  821.5 |
               +--------+--------+--------+--------+--------+-----+--------+

Top non-repeatable levels by time:
     D:1: 1395 daAuts
     D:2: 247 daAuts
